 Dungeon Crawl Stone Soup version 0.20-a0-1116-gaa52201 (webtiles) character file.

19702 TheGoonsmith the Geomancer (level 12, -6/73 HPs)
             Began as a Gargoyle Earth Elementalist on May 8, 2017.
             Was a High Priest of Vehumet.
             Mangled by a komodo dragon (20 damage)
             ... on level 2 of the Lair of Beasts.
             The game lasted 00:35:43 (15977 turns).

TheGoonsmith the Geomancer (GrEE)                  Turns: 15977, Time: 00:35:44

Health: -6/73      AC: 23    Str: 16    XL:     12   Next: 71%
Magic:  15/23      EV: 11    Int: 20    God:    Vehumet [*****.]
Gold:   646        SH:  4    Dex: 10    Spells: 10/26 levels left

rFire    + . .     SeeInvis .   B - +1 flail (venom)
rCold    + . .     Gourm    .   O - +0 buckler
rNeg     + + .     Faith    +   N - +0 scale mail of the Wilderness {rN+ Str+3}
rPois    ∞         Spirit   .   g - +2 helmet
rElec    +         Reflect  .   (no cloak)
rCorr    .         Harm     .   (no gloves)
MR       .....                  F - +2 pair of boots
Stlth    ..........             s - amulet of faith
Regen    0.3/turn               G - ring of protection from fire
MPRegen  0.2/turn               u - ring of protection from cold

@: very slightly contaminated, invisible
A: negative energy resistance 1, electricity resistance, unbreathing,
petrification resistance, rot immunity, AC +8
a: Renounce Religion


You were on level 2 of the Lair of Beasts.
You worshipped Vehumet.
Vehumet was extremely pleased with you.
You were near starving.

You visited 3 branches of the dungeon, and saw 14 of its levels.

You collected 646 gold pieces.

Inventory:

Hand Weapons
 B - a +1 flail of venom (weapon)
Missiles
 b - 122 stones (quivered)
 v - 2 throwing nets
Armour
 g - a +2 helmet (worn)
 F - a +2 pair of boots (worn)
 N - the +0 scale mail of the Wilderness (worn) {rN+ Str+3}
   (You found it on level 8 of the Dungeon)

   It affects your strength (+3).
   It protects you from negative energy.
 O - a +0 buckler (worn)
Magical Staves
 f - an uncursed staff of power
Jewellery
 h - an uncursed ring of see invisible
 s - an amulet of faith (around neck)
 u - a ring of protection from cold (right hand)
 G - a ring of protection from fire (left hand)
Wands
 e - a wand of polymorph (16/24)
 i - a wand of lightning (2/15)
 z - a wand of polymorph (13/24)
 L - a wand of clouds (5/9)
 T - a wand of disintegration (6/24)
 X - a wand of iceblast (8/15)
Scrolls
 l - 4 scrolls of teleportation
 n - 9 scrolls of remove curse
 p - 2 scrolls of amnesia
 r - a scroll of identify
 A - 2 scrolls of enchant armour
 C - 3 scrolls of enchant weapon
 J - 2 scrolls of recharging
 U - a scroll of fog
 V - 2 scrolls of blinking
Potions
 c - a potion of berserk rage
 j - 6 potions of curing
 k - 5 potions of heal wounds
 o - 2 potions of magic
 q - a potion of invisibility
 t - a potion of ambrosia {unknown}
 w - 5 potions of brilliance
 x - a potion of agility
 H - 5 potions of haste
 M - 2 potions of resistance {unknown}
 Q - a potion of mutation {unknown}
Comestibles
 d - 12 bread rations
 S - 7 fruits


   Skills:
 - Level 8.0 Fighting
 - Level 10.0 Maces & Flails
 - Level 8.0 Armour
 - Level 4.0 Dodging
 - Level 2.1 Stealth
 - Level 4.1 Shields
 + Level 7.9 Spellcasting
 - Level 5.0 Conjurations
   Level 0.7 Transmutations
 - Level 12.0 Earth Magic


You had 10 spell levels left.
You knew the following spells:

 Your Spells              Type           Power        Failure   Level  Hunger
a - Sandblast             Erth           ######       1%          1    None
b - Orb of Destruction    Conj           ####......   99%         7    #######
x - Stone Arrow           Conj/Erth      #####.       1%          3    None
z - Lee's Rapid Deconstr  Erth           ######....   1%          5    #####..


Dungeon Overview and Level Annotations

Branches:
Dungeon (11/15)            Temple (1/1) D:7            Lair (2/6) D:11
  Snake (0/4) Lair:2          Orc (0/2) D:9
  Swamp: Lair:2-4    Shoals: Lair:2-4

Altars:
Ashenzari
Cheibriados
Dithmenos
Elyvilon
Fedhas
Gozag
Hepliaklqana
Kikubaaqudgha
Makhleb
Nemelex Xobeh
Okawaru
Qazlal
Ru
Sif Muna
Trog
Uskayaw
Vehumet
Wu Jian
Xom
Yredelemnul
Zin
The Shining One


Innate Abilities, Weirdness & Mutations

You are resistant to torment.
Your stone body is resilient. (AC +8)
You are immune to poison.
You resist negative energy. (rN+)
You are resistant to electric shocks. (rElec)
You can survive without breathing.
You are immune to petrification.
You are immune to rotting.


Message History

The iguana bites you but does no damage.
The komodo dragon bites you.
* * * LOW HITPOINT WARNING * * *
Unknown command.
You sock the yak!
The yak is almost dead.
You kill the yak!
Vehumet accepts your kill.
You feel your power returning.
You barely miss the komodo dragon. The komodo dragon closely misses you.
The iguana bites you but does no damage.
You catch the helpless komodo dragon completely off-guard!
You sock the komodo dragon!
The komodo dragon is poisoned.
The komodo dragon is lightly wounded.
The komodo dragon barely misses you. The iguana closely misses you.
The komodo dragon bites you but does no damage.
You closely miss the komodo dragon.
The komodo dragon is lightly wounded.
The komodo dragon bites you!!
You die...

,,** ***,,,,,,,****,*,*,,,,,,
,,,* *,,,,,##.**,,,,*,***,,,*
,,,* **,,###..*,,,,,*,,**,,,,
,,,* *#,,,#P...*..,**#.,**,,,,
,,,** **..**#...##..,*...,,*,,,*
,,,,****,...##...##.###.#,,,*,,**
*,,,,,*,,........##.#...,**,*,,,*
,*,*,,,,,.........#...#,,,*,,,,,,
****,,,,,......$@.#..P#,,*###,,,,
* **,,,,......lll#..P#,,*..#.#**
* ****,,.......lYl.†#*,,*..#.## *
*,*,,,.........#..##*##..#..## *
**,,,,.........#...###...#...# *
*,,,,.........##........#...# **
**,,,,..........##.##.†###..#.
,***,,,,,..........######.#....##
,**,,,,,,.........##.............


You could see 3 komodo dragons, a yak and 2 iguanas.

Vanquished Creatures
  3 hydras
  3 two-headed ogres
  3 death yaks (D:10)
  An unseen horror (D:10)
  2 cyclopes
  Psyche (D:9)
  A gargoyle (D:11)
  3 komodo dragons
  2 trolls
  A slime creature (Lair:1)
  4 hippogriffs
  A shadow (D:8)
  A spriggan (D:8)
  2 wyverns
  The ghost of DemiseWR the Digger, an amateur GrEE of Sif Muna (D:4)
  A vampire (D:9)
  10 yaks
  2 basilisks (Lair:1)
  2 hungry ghosts
  Edmund (D:5)
  4 water moccasins
  A porcupine (D:11)
  A sky beast (D:8)
  5 ice beasts
  6 orc warriors
  A phantom (D:7)
  A necrophage (D:7)
  An ogre (D:8)
  5 crocodiles
  The ghost of TheGoonsmith the Chiller, an amateur MfIE (D:3)
  3 big kobolds (D:10)
  10 bullfrogs
  A wyvern zombie (D:9)
  A water moccasin zombie (D:10)
  5 scorpions
  A wyvern skeleton (D:10)
  9 killer bees
  7 wights
  3 howler monkeys
  A bullfrog zombie (D:8)
  2 crimson imps
  10 jellies
  A centaur skeleton (D:10)
  7 hounds
  A quasit (D:10)
  7 orc priests
  3 bullfrog skeletons
  12 iguanas
  5 human zombies (D:7)
  14 orc wizards
  2 hell rats (Lair:1)
  6 worker ants
  2 killer bee zombies
  A hound zombie (D:3)
  2 mummies (D:7)
  2 worker ant zombies (D:8)
  A howler monkey skeleton (D:6)
  12 adders
  12 gnolls
  8 river rats
  3 shadow imps
  16 oozes
  A worm (D:2)
  2 dart slugs (D:2)
  11 leopard geckos
  41 orcs
  5 giant cockroaches
  9 goblins
  6 hobgoblins
  2 jackals (D:1)
  6 quokkas
  11 bats
  8 frilled lizards
  18 kobolds
  11 rats
  A fungus (Lair:1)
373 creatures vanquished.

Vanquished Creatures (others)
  A fungus (Lair:1)
  9 plants
10 creatures vanquished.

Grand Total: 383 creatures vanquished

Notes
Turn   | Place    | Note
-------+----------+-------------------------------------------
     0 | D:1      | TheGoonsmith the Gargoyle Earth Elementalist began the quest for the Orb.
     0 | D:1      | Reached XP level 1. HP: 10/10 MP: 3/3
    94 | D:1      | Reached skill level 4 in Earth Magic
   185 | D:1      | Reached XP level 2. HP: 12/15 MP: 5/5
   964 | D:1      | Reached XP level 3. HP: 19/19 MP: 0/6
  1110 | D:1      | Learned a level 3 spell: Stone Arrow
  1153 | D:2      | Reached skill level 5 in Earth Magic
  1623 | D:2      | Found a faded altar of an unknown god.
  1633 | D:2      | Reached XP level 4. HP: 21/24 MP: 5/7
  1879 | D:3      | Reached skill level 6 in Earth Magic
  2038 | D:3      | Reached XP level 5. HP: 14/28 MP: 8/8
  2039 | D:3      | Noticed TheGoonsmith's ghost (amateur MfIE)
  2315 | D:3      | Killed TheGoonsmith's ghost
  2315 | D:3      | Reached skill level 7 in Earth Magic
  2395 | D:3      | Noticed an ice beast
  2742 | D:3      | Noticed a hippogriff
  2748 | D:3      | Killed a hippogriff
  2748 | D:3      | Reached skill level 8 in Earth Magic
  2748 | D:3      | Reached XP level 6. HP: 13/32 MP: 3/9
  2935 | D:3      | Learned a level 5 spell: Lee's Rapid Deconstruction
  3197 | D:3      | Found a shimmering altar of Xom.
  3226 | D:3      | Reached skill level 9 in Earth Magic
  3263 | D:4      | Noticed DemiseWR's ghost (amateur GrEE)
  3266 | D:4      | Killed DemiseWR's ghost
  3266 | D:4      | Reached XP level 7. HP: 36/36 MP: 6/10
  3674 | D:4      | Reached skill level 10 in Earth Magic
  4321 | D:4      | Found a hazy altar of Hepliaklqana.
  4321 | D:4      | Found a glowing golden altar of the Shining One.
  4536 | D:5      | Entered Level 5 of the Dungeon
  4576 | D:5      | Reached XP level 8. HP: 41/41 MP: 0/13
  4711 | D:5      | Found a stormy altar of Qazlal.
  4827 | D:6      | Reached skill level 5 in Spellcasting
  4972 | D:6      | Reached skill level 1 in Fighting
  5069 | D:6      | Noticed Edmund
  5140 | D:5      | Killed Edmund
  5368 | D:6      | Reached skill level 5 in Fighting
  5531 | D:6      | Reached skill level 1 in Conjurations
  5545 | D:6      | Found a basalt altar of Yredelemnul.
  5569 | D:7      | Found a shattered altar of Ashenzari.
  5598 | D:7      | Reached XP level 9. HP: 43/54 MP: 16/16
  5770 | D:7      | Found a staircase to the Ecumenical Temple.
  5778 | Temple   | Entered the Ecumenical Temple
  5908 | D:7      | Found a snail-covered altar of Cheibriados.
  6602 | D:7      | Found a basalt altar of Yredelemnul.
  6823 | D:7      | Found a shadowy altar of Dithmenos.
  6826 | D:7      | Found a bloodstained altar of Trog.
  6832 | D:7      | Found a sacrificial altar of Ru.
  6845 | D:7      | Found a radiant altar of Vehumet.
  6853 | D:7      | Became a worshipper of Vehumet
  6859 | D:7      | Found a glowing silver altar of Zin.
  7519 | D:5      | Reached skill level 1 in Armour
  7973 | D:6      | Found a white marble altar of Elyvilon.
  8385 | D:8      | Reached skill level 1 in Shields
  8472 | D:8      | Reached * piety under Vehumet
  8472 | D:8      | Offered knowledge of Freeze by Vehumet.
  9254 | D:8      | Reached XP level 10. HP: 58/64 MP: 16/18
  9414 | D:8      | Noticed a six-headed hydra
  9565 | D:8      | HP: 1/64 [six-headed hydra (7)]
  9927 | D:8      | Killed a six-headed hydra
  9927 | D:8      | Reached skill level 11 in Earth Magic
 10189 | D:7      | Reached skill level 12 in Earth Magic
 10324 | D:8      | Offered knowledge of Magic Dart by Vehumet.
 10377 | D:8      | Reached ** piety under Vehumet
 10405 | D:8      | Got a shimmering scale mail
 10416 | D:8      | Identified the cursed +0 scale mail of the Wilderness {rN+ Str+3} (You found it on level 8 of the Dungeon)
 10477 | D:8      | Reached skill level 5 in Armour
 10654 | D:9      | Noticed Psyche
 10655 | D:9      | Found a staircase to the Orcish Mines.
 10660 | D:9      | Killed Psyche
 11002 | D:9      | Noticed a two-headed ogre
 11006 | D:9      | Reached XP level 11. HP: 61/68 MP: 20/20
 11048 | D:8      | Offered knowledge of Conjure Flame by Vehumet.
 11281 | D:9      | Killed a two-headed ogre
 11433 | D:9      | Reached *** piety under Vehumet
 11659 | D:9      | Noticed a cyclops
 11664 | D:9      | Killed a cyclops
 11664 | D:9      | Reached skill level 1 in Maces & Flails
 11884 | D:10     | Entered Level 10 of the Dungeon
 11979 | D:10     | Offered knowledge of Ignite Poison by Vehumet.
 12237 | D:10     | Reached **** piety under Vehumet
 12337 | D:10     | Offered knowledge of Airstrike by Vehumet.
 12571 | D:10     | Noticed a two-headed ogre
 12577 | D:10     | Killed a two-headed ogre
 12577 | D:10     | Reached skill level 5 in Maces & Flails
 12713 | D:11     | Noticed a cyclops
 12714 | D:11     | Noticed a death yak
 12795 | D:10     | Killed an unseen horror
 12954 | D:11     | Noticed a death yak
 12965 | D:11     | Noticed a death yak
 12984 | D:10     | Killed a death yak
 13168 | D:10     | Killed a death yak
 13433 | D:10     | Killed a death yak
 13657 | D:11     | Noticed a two-headed ogre
 13661 | D:11     | Killed a two-headed ogre
 13661 | D:11     | Reached XP level 12. HP: 73/73 MP: 19/21
 13711 | D:11     | Noticed a seven-headed hydra
 13718 | D:11     | Killed a seven-headed hydra
 13961 | D:11     | Reached ***** piety under Vehumet
 13961 | D:11     | Reached skill level 10 in Maces & Flails
 13962 | D:11     | Found a staircase to the Lair.
 14118 | D:11     | Offered knowledge of Orb of Destruction by Vehumet.
 14133 | D:11     | Learned a level 7 spell: Orb of Destruction
 14325 | D:11     | Noticed a four-headed hydra
 14332 | D:11     | Killed a four-headed hydra
 14531 | Lair:1   | Entered Level 1 of the Lair of Beasts
 14698 | Lair:1   | Reached skill level 5 in Conjurations
 15699 | Lair:1   | Got a warped plate armour
 15700 | Lair:1   | Identified the cursed +1 plate armour "Rata Bufos" {Regen+ rCorr} (You found it on level 1 of the Lair of Beasts)
 15977 | Lair:2   | Mangled by a komodo dragon

Vault maps used:
D:1:      lightli_arrival_lavapool, minmay_tetromino_t4
D:2:      first_bread, chequers_ecumenical_altar_simple, wad_floor_pattern_2
D:3:      marbit_many_paths
D:4:      gammafunk_temple_overflow_statue
D:5:      grunt_qazlal_clouds, due_unseen_surprise
D:6:      kennysheep_ying_yang, grunt_ministairs_15, uniq_edmund
D:7:      minmay_overflow_temple_star_hex, old_standard_altar,
          kennysheep_little_box, minmay_temple_entry_large_hall,
          lemuel_mausoleum_altar_yredelemnul
D:8:      wad_statue_garden, the_bakery
D:9:      orc_0_dummy, minmay_lizard_king, uniq_psyche
D:11:     dpeg_lair_monsters
Temple:   dpeg_three_leaves_temple
Lair:1:   lemuel_slime, small_statue_intersection, kennysheep_rathole
Lair:2:   beast_lair_carwin_large_3, minmay_snake_entry_guardpost_medium,
          lab_entry_generic

Skill      XL: |  1  2  3  4  5  6  7  8  9 10 11 12 |
---------------+-------------------------------------+-----
Earth Magic    | 4 5 6 8 9 10 12 | 12.0
Spellcasting   | 3 5 6 7 |  7.9
Fighting       | 5 8 |  8.0
Conjurations   | 2 5 |  5.0
Armour         | 3 8 |  8.0
Shields        | 4 |  4.1
Dodging        | 4 |  4.0
Maces & Flails | 9 10 | 10.0
Stealth        | |  2.1
Transmutations | |  0.7

Action                   |  1- 3 |  4- 6 |  7- 9 | 10-12 || total
-------------------------+-------+-------+-------+-------++-------
Melee: Club              |    27 |       |       |       ||    27
       Dagger            |    73 |    85 |    68 |       ||   226
       Flail             |       |       |   154 |   601 ||   755
Throw: Stone             |     1 |       |       |       ||     1
 Cast: Sandblast         |    13 |    26 |   122 |   141 ||   302
       Stone Arrow       |       |     3 |     9 |    38 ||    50
       Lee's Rapid Decon |       |       |     7 |    23 ||    30
  Use: Scroll            |       |       |    13 |    17 ||    30
       Potion            |       |       |       |     5 ||     5
 Stab: Sleeping          |     6 |     3 |     3 |       ||    12
       Invisible         |       |       |       |     1 ||     1
  Eat: Chunk             |     2 |     6 |    16 |    21 ||    45
       Royal jelly       |       |       |     1 |     1 ||     2
       Meat ration       |       |       |     1 |     1 ||     2
Armor: Robe              |    34 |    28 |    64 |       ||   126
       Scale mail        |       |       |    72 |   426 ||   498
       Ring mail         |       |       |     4 |    31 ||    35
Dodge: Dodged            |    82 |    58 |   141 |   408 ||   689
Block: Buckler           |       |       |    10 |   154 ||   164
